 Dungeon Crawl Stone Soup version 0.30-b1-2-g02819fbbbe (webtiles) character file.

Game seed: 14313681742937670528

16003 Fartwhistle the Skirmisher (level 12, -23/94 HPs)
             Began as a Gnoll Hunter on Sept 8, 2023.
             Was an Elder of Makhleb.
             Killed from afar by Jorgrun (36 damage)
             ... with an iron shot
             ... on level 12 of the Dungeon.
             The game lasted 00:37:36 (12850 turns).

Fartwhistle the Skirmisher (Gnoll Hunter)          Turns: 12850, Time: 00:37:37

Health: -23/94     AC: 11    Str: 13    XL:     12   Next: 32%
Magic:  18/23      EV: 15    Int: 12    God:    Makhleb [****..]
Gold:   1074       SH:  0    Dex: 21    Spells: 16/25 levels left

rFire   . . .        o - +1 flail (protect)
rCold   . . .        (no shield)
rNeg    . . .        L - +0 steam dragon scales
rPois   .            i - +0 helmet
rElec   .            N - +0 cloak
rCorr   .            (no gloves)
SInv    .            O - +1 pair of boots
Will    +....        F - amulet of regeneration
Stlth   ++++         w - ring of willpower
HPRegen 1.15/turn    C - +6 ring of dexterity
MPRegen 0.18/turn

%: no passive effects
@: about to teleport, grasped by roots, constricted, unable to read
A: fangs 1, strong nose, distributed training, inability to read after injury 1
a: Renounce Religion, Minor Destruction, Lesser Servant of Makhleb, Major
Destruction


You were on level 12 of the Dungeon.
You worshipped Makhleb.
Makhleb was greatly pleased with you.
You visited 1 branch of the dungeon, and saw 12 of its levels.

You collected 1074 gold pieces.

Inventory:

Hand Weapons
 j - a +2 hand axe of freezing
 o - a +1 flail of protection (weapon)
 q - a +1 dagger of speed
 E - a +0 arbalest
 G - a +4 spear
Missiles
 n - 8 javelins (quivered)
 p - 5 boomerangs
 z - a silver boomerang
 I - 7 poisoned darts
Armour
 i - a +0 helmet (worn)
 L - +0 steam dragon scales (worn)
 N - a +0 cloak (worn)
 O - a +1 pair of boots (worn)
Jewellery
 w - a ring of willpower (left hand)
 C - a +6 ring of dexterity (right hand)
 F - an amulet of regeneration (around neck)
 J - a ring of protection from cold
 Q - an amulet of faith
 S - a ring of see invisible
Wands
 a - a wand of polymorph (3)
 c - a wand of iceblast (9)
 f - a wand of mindburst (7)
 A - a wand of digging (1)
 D - a wand of charming (9)
Scrolls
 b - 4 scrolls of immolation
 e - 3 scrolls of magic mapping {unknown}
 g - a scroll of poison {unknown}
 m - a scroll of brand weapon {unknown}
 s - 2 scrolls of blinking
 u - 2 scrolls of fog
 v - 3 scrolls of fear
 x - 6 scrolls of teleportation
 y - a scroll of vulnerability
 H - a scroll of amnesia {unknown}
 M - 2 scrolls of summoning {unknown}
 P - a scroll of enchant weapon {unknown}
Potions
 d - 2 potions of mutation
 h - 3 potions of cancellation {unknown}
 k - 2 potions of brilliance
 l - a potion of attraction {unknown}
 r - a potion of flight
 t - 5 potions of curing
 B - 2 potions of lignification {unknown}
 K - a potion of haste
 R - a potion of resistance {unknown}


   Skills:
 + Level 8.8 Fighting
 + Level 7.4 Short Blades
 + Level 7.4 Long Blades
 + Level 7.4 Axes
 + Level 7.4 Maces & Flails
 + Level 7.4 Polearms
 + Level 7.4 Staves
 + Level 11.3 Ranged Weapons
 + Level 7.4 Throwing
 + Level 7.4 Armour
 + Level 8.8 Dodging
 + Level 7.9 Stealth
 + Level 7.4 Shields
 + Level 7.4 Unarmed Combat
 + Level 7.4 Spellcasting
 + Level 6.2 Conjurations
 + Level 6.2 Hexes
 + Level 6.2 Summonings
 + Level 6.2 Necromancy
 + Level 6.2 Translocations
 + Level 6.2 Transmutations
 + Level 6.2 Fire Magic
 + Level 6.2 Ice Magic
 + Level 6.2 Air Magic
 + Level 6.2 Earth Magic
 + Level 6.2 Poison Magic
 + Level 8.2 Invocations
 + Level 7.4 Evocations


You had 16 spell levels left.
You knew the following spells:

 Your Spells              Type           Power      Damage    Failure   Level
a - Foxfire               Conj/Fire      76%        2x1d7     1%          1
b - Mephitic Cloud        Conj/Pois/Air  19%        N/A       3%          3
c - Confusing Touch       Hex            19%        N/A       3%          3
d - Poisonous Vapours     Pois/Air       38%        N/A       1%          2

Your spell library contained the following spells:

 Spells                   Type           Power      Damage    Failure   Level
 Freeze                   Ice            76%        1d8       1%          1
 Kiss of Death            Conj/Necr      76%        2d11      1%          1
 Necrotise                Necr           76%        1d7       1%          1
 Frozen Ramparts          Ice            38%        1d6       3%          3
 Hailstorm                Conj/Ice       19%        3d6       3%          3
 Ozocubu's Armour         Ice            19%        N/A       3%          3
 Vampiric Draining        Necr           19%        2d7       3%          3
 Anguish                  Hex/Necr       9%         N/A       12%         4
 Animate Dead             Necr           19%        N/A       12%         4
 Dispel Undead            Necr           19%        3d11      12%         4
 Agony                    Necr           19%        N/A       34%         5
 Fireball                 Conj/Fire      9%         3d6       34%         5
 Freezing Cloud           Conj/Ice/Air   9%         6-21      34%         5
 Plasma Beam              Fire/Air       9%         2x1d22    88%         6
 Starburst                Conj/Fire      9%         6d5       88%         6
 Enfeeble                 Hex            9%         N/A       100%        7
 Haunt                    Necr/Summ      9%         N/A       100%        7
 Ozocubu's Refrigeration  Ice            9%         4d9       100%        7
 Infestation              Necr           9%         N/A       100%        8


Dungeon Overview and Level Annotations

Branches:
Dungeon (12/15)            Temple (0/1) D:6            Lair (0/5) D:10
    Orc (0/2) D:12

Altars:
Dithmenos
Elyvilon
Fedhas
Hepliaklqana
Kikubaaqudgha
Makhleb
Okawaru
Ru
Sif Muna
Uskayaw
Yredelemnul
Zin
The Shining One

Annotations:
D:4 1 runed translucent door, NimIero's ghost, amateur NaFE
D:12 Jorgrun


Innate Abilities, Weirdness & Mutations

You have very sharp teeth.
Your uncanny sense of smell can sniff out nearby items.
Your experience applies equally to all skills.
You occasionally lose the ability to read scrolls when taking damage.


Message History

An orc wizard comes into view. It is wielding a +1 antimagic dagger.
An orc priest comes into view. It is wielding a +0 flail.
The orc priest shouts!
Jorgrun looks more healthy.
Jorgrun gestures at you while chanting.
Roots burst forth from the earth!
The grasping roots grab you! The grasping roots constrict you!
As you read the scroll of teleportation, it crumbles to dust.
You feel strangely unstable. The grasping roots constrict you!
Unknown command.
Casting: Poisonous Vapours (safe; 1% risk of failure)
Confirm with . or Enter, or press ? or * to list all spells.
Okay, then.
Casting: Poisonous Vapours (safe; 1% risk of failure)
Confirm with . or Enter, or press ? or * to list all spells.
Okay, then.
Casting: Poisonous Vapours (safe; 1% risk of failure)
Confirm with . or Enter, or press ? or * to list all spells.
Aiming: Mephitic Cloud (mildly dangerous; 3% risk of failure)
Press: ? - help, Shift-Dir - straight line, f/p - Jorgrun
Aim: Jorgrun, wielding a +0 heavy quarterstaff and wearing a +0 robe (lightly wounded, chance to affect: 29%)
The ball explodes into a vile cloud!
The stinking cloud engulfs Jorgrun but does no damage.
Jorgrun is lightly wounded.
The stinking cloud engulfs the yak but does no damage.
The orc wizard shouts!
You hear a shout!
Jorgrun is engulfed in noxious fumes.
The grasping roots constrict you!
* * * LOW HITPOINT WARNING * * *
The yak is engulfed in noxious fumes.
The yak appears confused.
The orc priest miscasts a cantrip.
The roots grasp on you weakens, but your attempt to escape fails.
Jorgrun misses you. The grasping roots constrict you!
You feel threatened and lose the ability to read scrolls!
* * * LOW HITPOINT WARNING * * *
Unknown command.
You feel better.
Jorgrun points at you and mumbles some strange words.
The iron shot hits you!!!
You die...

#.......#.....
.###.......# ....
...#.......##.....
...~#.............?
...≈~..#...........
~~.~~.....(....... ∆
~≈.....#...Y....#
~~~(~~~~........###
.........@g☼°....h..
.~~.......°○........
.~~.~o....○○.##.....
.~~.o#......'.......
....#o......###.....
..~.........# .h..
........#...# ...
).#....~~...#
#....~~...#


You could see Jorgrun, a yak (confused), 2 orc priests and an orc wizard.

Vanquished Creatures
  Snorg (D:11)
  A two-headed ogre (D:11)
  Lodul (D:10)
  2 cyclopes
  A manticore (D:11)
  A gargoyle (D:10)
  Maggie (D:8)
  Psyche (D:11)
  2 trolls
  3 slime creatures (D:11)
  A shadow (D:11)
  18 yaks
  Grum (D:10)
  10 vampire mosquitoes
  6 acid dragons
  A water moccasin (D:8)
  4 orc warriors
  3 ice beasts
  A sky beast (D:7)
  2 black bears
  3 wolves (D:10)
  9 centaurs
  7 ogres
  Blork the orc (D:5)
  8 bullfrogs
  6 gnoll sergeants
  3 scorpions
  4 wights (D:6)
  25 killer bees
  3 howler monkeys (D:8)
  3 jellies
  5 hounds
  2 gnoll boudas
  3 orc priests
  Ijyb (D:4)
  2 iguanas
  17 orc wizards
  Robin (D:5)
  41 gnolls
  13 adders
  A white imp (D:6)
  2 ufetubi (D:4)
  A worm (D:2)
  2 dart slugs
  35 orcs
  8 bats
  5 endoplasms
  4 giant cockroaches
  12 goblins
  13 hobgoblins
  4 jackals (D:1)
  5 kobolds
  4 quokkas
  9 ball pythons
  A frilled lizard (D:3)
  6 rats
330 creatures vanquished.

Vanquished Creatures (others)
  20 foxfires
  2 fungi (D:10)
  9 plants
31 creatures vanquished.

Grand Total: 361 creatures vanquished

Notes
Turn   | Place    | Note
-------+----------+-------------------------------------------
     0 | D:1      | Fartwhistle the Gnoll Hunter began the quest for the Orb.
     0 | D:1      | Reached XP level 1. HP: 20/20 MP: 1/1
   135 | D:1      | Reached XP level 2. HP: 26/26 MP: 2/2
   239 | D:1      | Reached XP level 3. HP: 26/31 MP: 3/3
   474 | D:1      | Reached skill level 1 in Invocations
   531 | D:1      | Reached skill level 1 in Short Blades
   531 | D:1      | Reached skill level 1 in Long Blades
   531 | D:1      | Reached skill level 1 in Axes
   531 | D:1      | Reached skill level 1 in Maces & Flails
   531 | D:1      | Reached skill level 1 in Polearms
   531 | D:1      | Reached skill level 1 in Staves
   531 | D:1      | Reached skill level 1 in Throwing
   531 | D:1      | Reached skill level 1 in Armour
   531 | D:1      | Reached skill level 1 in Shields
   531 | D:1      | Reached skill level 1 in Unarmed Combat
   531 | D:1      | Reached skill level 1 in Spellcasting
   531 | D:1      | Reached skill level 1 in Evocations
   787 | D:2      | Reached XP level 4. HP: 35/38 MP: 5/5
   821 | D:2      | Found a burning altar of Makhleb.
   834 | D:2      | Became a worshipper of Makhleb the Destroyer
   941 | D:2      | Reached skill level 1 in Conjurations
   941 | D:2      | Reached skill level 1 in Hexes
   941 | D:2      | Reached skill level 1 in Summonings
   941 | D:2      | Reached skill level 1 in Necromancy
   941 | D:2      | Reached skill level 1 in Translocations
   941 | D:2      | Reached skill level 1 in Transmutations
   941 | D:2      | Reached skill level 1 in Fire Magic
   941 | D:2      | Reached skill level 1 in Ice Magic
   941 | D:2      | Reached skill level 1 in Air Magic
   941 | D:2      | Reached skill level 1 in Earth Magic
   941 | D:2      | Reached skill level 1 in Poison Magic
  1226 | D:3      | Reached XP level 5. HP: 42/43 MP: 7/7
  1413 | D:3      | Found an ancient bone altar of Kikubaaqudgha.
  1492 | D:3      | Found a glowing silver altar of Zin.
  1519 | D:3      | Found a basalt altar of Yredelemnul.
  1533 | D:3      | Reached * piety under Makhleb
  1582 | D:3      | Learned a level 1 spell: Foxfire
  1730 | D:3      | Reached XP level 6. HP: 27/50 MP: 8/8
  1853 | D:3      | Found a sacrificial altar of Ru.
  2133 | D:2      | Reached skill level 5 in Fighting
  2133 | D:2      | Reached skill level 5 in Dodging
  2401 | D:2      | Found a faded altar of an unknown god.
  2684 | D:4      | Found a runed translucent door.
  2695 | D:4      | Noticed NimIero's ghost (amateur NaFE)
  2781 | D:4      | Found a glowing golden altar of the Shining One.
  2787 | D:4      | Reached ** piety under Makhleb
  2993 | D:4      | Reached XP level 7. HP: 53/56 MP: 10/10
  3382 | D:5      | Entered Level 5 of the Dungeon
  3405 | D:5      | Noticed Blork the orc
  3422 | D:5      | Killed Blork the orc
  3511 | D:5      | Reached skill level 9 in Ranged Weapons
  3784 | D:5      | Noticed Robin
  3785 | D:5      | Noticed Ijyb
  4409 | D:4      | Killed Ijyb
  4531 | D:5      | Killed Robin
  4560 | D:5      | Reached XP level 8. HP: 63/63 MP: 12/12
  4842 | D:6      | Found a staircase to the Ecumenical Temple.
  5620 | D:5      | Found a white marble altar of Elyvilon.
  5753 | D:5      | Reached *** piety under Makhleb
  5850 | D:5      | Reached XP level 9. HP: 60/69 MP: 14/14
  6092 | D:5      | Found a shadowy altar of Dithmenos.
  6093 | D:5      | Found a hazy altar of Hepliaklqana.
  6271 | D:5      | Learned a level 3 spell: Mephitic Cloud
  6275 | D:5      | Learned a level 3 spell: Confusing Touch
  6989 | D:7      | Reached skill level 5 in Stealth
  7309 | D:7      | Reached skill level 5 in Invocations
  7919 | D:7      | Found a hide-covered altar of Uskayaw.
  7919 | D:7      | Found a shimmering blue altar of Sif Muna.
  8198 | D:8      | Reached **** piety under Makhleb
  8200 | D:8      | Reached skill level 5 in Short Blades
  8200 | D:8      | Reached skill level 5 in Long Blades
  8200 | D:8      | Reached skill level 5 in Axes
  8200 | D:8      | Reached skill level 5 in Maces & Flails
  8200 | D:8      | Reached skill level 5 in Polearms
  8200 | D:8      | Reached skill level 5 in Staves
  8200 | D:8      | Reached skill level 5 in Throwing
  8200 | D:8      | Reached skill level 5 in Armour
  8200 | D:8      | Reached skill level 5 in Shields
  8200 | D:8      | Reached skill level 5 in Unarmed Combat
  8200 | D:8      | Reached skill level 5 in Spellcasting
  8200 | D:8      | Reached skill level 5 in Evocations
  8227 | D:8      | Reached XP level 10. HP: 77/77 MP: 17/17
  8237 | D:8      | Noticed Maggie
  8307 | D:8      | Killed Maggie
  8308 | D:8      | Reached skill level 10 in Ranged Weapons
  9063 | D:9      | Found an iron altar of Okawaru.
  9088 | D:9      | Reached ***** piety under Makhleb
  9767 | D:9      | Reached skill level 5 in Conjurations
  9767 | D:9      | Reached skill level 5 in Hexes
  9767 | D:9      | Reached skill level 5 in Summonings
  9767 | D:9      | Reached skill level 5 in Necromancy
  9767 | D:9      | Reached skill level 5 in Translocations
  9767 | D:9      | Reached skill level 5 in Transmutations
  9767 | D:9      | Reached skill level 5 in Fire Magic
  9767 | D:9      | Reached skill level 5 in Ice Magic
  9767 | D:9      | Reached skill level 5 in Air Magic
  9767 | D:9      | Reached skill level 5 in Earth Magic
  9767 | D:9      | Reached skill level 5 in Poison Magic
  9769 | D:9      | Reached XP level 11. HP: 80/85 MP: 20/20
  9913 | D:10     | Entered Level 10 of the Dungeon
 10079 | D:10     | Found a staircase to the Lair.
 10148 | D:10     | Noticed Grum
 10168 | D:10     | Killed Grum
 10297 | D:10     | Learned a level 2 spell: Poisonous Vapours
 10779 | D:10     | Noticed Lodul
 10796 | D:10     | Killed Lodul
 11253 | D:11     | Noticed a manticore
 11385 | D:11     | Noticed a two-headed ogre
 11486 | D:11     | Noticed Snorg
 11496 | D:11     | Killed Snorg
 11497 | D:11     | Reached skill level 11 in Ranged Weapons
 11703 | D:11     | Noticed Psyche
 11839 | D:11     | Noticed a cacodemon
 11897 | D:11     | Gained mutation: You occasionally lose the ability to read
                  | scrolls when taking damage. [a cacodemon]
 12013 | D:11     | Killed a manticore
 12014 | D:11     | Reached XP level 12. HP: 94/94 MP: 22/22
 12278 | D:11     | Killed a two-headed ogre
 12443 | D:11     | Killed Psyche
 12758 | D:12     | Found a staircase to the Orcish Mines.
 12763 | D:12     | Found a blossoming altar of Fedhas.
 12769 | D:12     | Identified the +5 ring mail of a wizard's laboratory {-Cast
                  | rPois rC++}
 12830 | D:12     | Noticed Jorgrun
 12850 | D:12     | Killed from afar by Jorgrun

Illustrated notes

Levels and vault maps discovered:
D:1:      sevenhm_arrival_forest_fort_large_2, layout_loops_ring, minivault_14,
          minmay_statues_item, minmay_tetromino_o4
D:2:      layout_loops_cross, basic_altar,
          dreamdust_ecumenical_altar_hidden_monk_grotto
D:3:      layout_loops_ring, mainiacjoe_overflow_six_doors_small,
          marbit_many_paths, zin_statuary, mainiacjoe_overflow_alcove_2
D:4:      layout_loops_ring, mainiacjoe_overflow_catwalk,
          hellmonk_ghost_happy_afterlife
D:5:      layout_loops_ring, riverfiend_overflow_shadow_ancestor,
          nicolae_elyvilon_peaceful_grove, nicolae_goblin_pals,
          uniq_blork_the_orc
D:6:      minmay_recursive_quarters, layout_basic, minmay_temple_entry_ruins
D:7:      layout_gridville, nicolae_overflow_two_pavilions
D:8:      layout_loops_ring, uniq_maggie
D:9:      layout_loops_cross, okawaru_gym_becter
D:10:     layout_stronghold, grunt_lair_entry_orc_guard_hut, serial_rivers,
          chequers_serial_rivers_marsh, chequers_serial_rivers_room_a,
          chequers_serial_rivers_micro_d, chequers_serial_rivers_micro_d,
          nrook_uturn, hangedman_decor_lopped, uniq_grum, uniq_lodul
D:11:     layout_basic, kennysheep_small_circle, uniq_psyche, uniq_snorg
D:12:     cheibrodos_frozen_isle, layout_basic, fedhas_bush_and_centaur_altar,
          uniq_jorgrun

Skill      XL: |  1  2  3  4  5  6  7  8  9 10 11 12 |
---------------+-------------------------------------+-----
Invocations    | 1 2 3 4 5 6 7 8 |  8.2
Short Blades   | 1 2 3 5 6 7 |  7.4
Long Blades    | 1 2 3 5 6 7 |  7.4
Axes           | 1 2 3 5 6 7 |  7.4
Maces & Flails | 1 2 3 5 6 7 |  7.4
Polearms       | 1 2 3 5 6 7 |  7.4
Staves         | 1 2 3 5 6 7 |  7.4
Throwing       | 1 2 3 5 6 7 |  7.4
Armour         | 1 2 3 5 6 7 |  7.4
Shields        | 1 2 3 5 6 7 |  7.4
Unarmed Combat | 1 2 3 5 6 7 |  7.4
Spellcasting   | 1 2 3 5 6 7 |  7.4
Evocations     | 1 2 3 5 6 7 |  7.4
Conjurations   | 1 2 3 4 5 6 |  6.2
Hexes          | 1 2 3 4 5 6 |  6.2
Summonings     | 1 2 3 4 5 6 |  6.2
Necromancy     | 1 2 3 4 5 6 |  6.2
Translocations | 1 2 3 4 5 6 |  6.2
Transmutations | 1 2 3 4 5 6 |  6.2
Fire Magic     | 1 2 3 4 5 6 |  6.2
Ice Magic      | 1 2 3 4 5 6 |  6.2
Air Magic      | 1 2 3 4 5 6 |  6.2
Earth Magic    | 1 2 3 4 5 6 |  6.2
Poison Magic   | 1 2 3 4 5 6 |  6.2
Stealth        | 3 4 5 6 7 |  7.9
Fighting       | 5 6 7 8 |  8.8
Dodging        | 5 6 7 8 |  8.8
Ranged Weapons | 9 10 11 | 11.3

Action                     |  1- 3 |  4- 6 |  7- 9 | 10-12 || total
---------------------------+-------+-------+-------+-------++-------
  Melee: Flail             |       |    20 |   179 |   206 ||   405
         Bite              |       |     2 |    26 |    29 ||    57
         Punch             |       |     2 |     4 |    18 ||    24
   Fire: Shortbow          |    81 |   223 |   252 |       ||   556
         Arbalest          |       |       |    37 |   421 ||   458
   Cast: Foxfire           |       |       |     9 |     5 ||    14
         Mephitic Cloud    |       |       |     7 |    15 ||    22
         Confusing Touch   |       |       |       |     9 ||     9
         Poisonous Vapours |       |       |       |    13 ||    13
 Invoke: Minor Destruction |       |       |     1 |       ||     1
         Greater Servant o |       |       |       |     2 ||     2
         Major Destruction |       |       |       |     1 ||     1
    Use: Scroll            |       |     4 |     5 |     6 ||    15
         Potion            |       |       |     3 |     1 ||     4
   Stab: Confused          |       |       |       |     3 ||     3
 Armour: Leather armour    |    14 |       |       |       ||    14
         Ring mail         |     1 |    39 |   141 |       ||   181
         Steam dragon scal |       |       |       |   185 ||   185
  Dodge: Dodged            |    30 |    84 |   257 |   563 ||   934
